 Dungeon Crawl Stone Soup version 0.27-a0-1217-g8a41f320e8 (webtiles) character file.

Game seed: 2538827511540391894

63 EldarEldrad the Firebug (level 3, -2/19 HPs)
             Began as a Deep Elf Fire Elementalist on June 6, 2021.
             Slain by Natasha (3 damage)
             ... on level 2 of the Dungeon.
             The game lasted 00:06:01 (1776 turns).

EldarEldrad the Firebug (DEFE)                      Turns: 1776, Time: 00:06:02

Health: -2/19      AC:  4    Str:  5    XL:     3   Next: 87%
Magic:  6/10       EV: 12    Int: 20    God:
Gold:   67         SH:  5    Dex: 15    Spells: 8/9 levels left

rFire    . . .     SeeInvis .   f - +0 dagger
rCold    . . .     Faith    .   (no shield)
rNeg     . . .     Spirit   .   a - +0 robe
rPois    .         Reflect  +   (no helmet)
rElec    .         Harm     .   l - +0 cloak
rCorr    .         Rampage  .   k - +0 pair of gloves
Will     .....                  (no boots)
Stlth    ++........             e - amulet of reflection
HPRegen  0.06/turn              (no ring)
MPRegen  0.12/turn              (no ring)

@: no status effects
A: no striking features
a: no special abilities


You were on level 2 of the Dungeon.
You visited 1 branch of the dungeon, and saw 2 of its levels.

You collected 67 gold pieces.

Inventory:

Hand Weapons
 f - a +0 dagger (weapon)
Missiles
 m - 9 poisoned darts
Armour
 a - a +0 robe (worn)
 k - a +0 pair of gloves (worn)
 l - a +0 cloak (worn)
Jewellery
 e - an amulet of reflection (around neck)
Scrolls
 g - a scroll of vulnerability {unknown}
 i - a scroll of identify {unknown}
Potions
 b - a potion of curing {unknown}
 c - a potion of lignification {unknown}
 d - a potion of brilliance {unknown}
 h - a potion of magic {unknown}
 j - a potion of ambrosia {unknown}
 n - a potion of berserk rage {unknown}


   Skills:
 - Level 2.4 Dodging
 - Level 2.4 Stealth
 + Level 3.8 Spellcasting
 * Level 3.0 Conjurations
 + Level 3.9 Fire Magic


You had 8 spell levels left.
You knew the following spells:

 Your Spells              Type           Power      Damage    Failure   Level
a - Foxfire               Conj/Fire      68%        2x1d7     3%          1

Your spell library contained the following spells:

 Spells                   Type           Power      Damage    Failure   Level
 Conjure Flame            Conj/Fire      17%        6-21      10%         3
 Inner Flame              Hex/Fire       11%        N/A       19%         3
 Sticky Flame             Conj/Fire      17%        2d4       30%         4
 Fireball                 Conj/Fire      8%         3d6       65%         5


Dungeon Overview and Level Annotations

Branches:
Dungeon (2/15)

Altars:

Annotations:
D:2 Natasha


Message History

You conjure some foxfire!
The foxfire hits the rat.
You kill the rat!
Unknown command.
You start resting.
Your foxfire dissipates!
You start resting.
Magic restored.
There is a stone staircase leading up here.
There is a stone staircase leading up here.
Natasha, Servant of Life and Death comes into view.
She is carrying a wand of flame (29).
Natasha moves out of view.
Natasha hisses angrily.
Natasha drinks a potion.
Natasha suddenly seems more resistant.
Natasha is nearby!
You conjure some foxfire!
Natasha barely misses you.
You hit Natasha but do no damage.
The foxfire hits Natasha but does no damage.
Natasha claws you.
You conjure some foxfire!
Natasha zaps a wand.
The puff of flame hits you.
You hit Natasha.
Natasha is lightly wounded.
The foxfire hits Natasha.
Natasha resists.
Natasha is moderately wounded.
Natasha closely misses you.
You conjure some foxfire!
Natasha stares at you and mumbles some strange words.
The magic dart hits you!
* * * LOW HITPOINT WARNING * * *
You barely miss Natasha.
Natasha is lightly wounded.
The foxfire hits Natasha.
Natasha resists.
Natasha is moderately wounded.
Natasha claws you.
* * * LOW HITPOINT WARNING * * *
You are too injured to fight recklessly!
Casting: Foxfire (safe; 3% risk of failure)
Confirm with . or Enter, or press ? or * to list all spells.
You conjure some foxfire!
Natasha claws you.
You die...

# #. ...
...##.###
...
#....h@#
...
####.#v#
#.# # #.#
#.# #.# #.#
#.# ##'##
#.# ##...##
###.######
##.....##
#........#
#.......##
##.#.####.#


You could see Natasha (resistant, ally target).

Vanquished Creatures
  Natasha (D:2)
  A worm (D:2)
  2 ball pythons (D:1)
  An endoplasm (D:2)
  2 giant cockroaches
  A goblin (D:1)
  3 hobgoblins
  6 jackals (D:1)
  2 quokkas (D:1)
  2 frilled lizards (D:1)
  7 kobolds
  3 rats
31 creatures vanquished.

Vanquished Creatures (collateral kills)
  2 foxfires (D:1)
2 creatures vanquished.

Vanquished Creatures (others)
  102 foxfires
  3 plants (D:1)
105 creatures vanquished.

Grand Total: 138 creatures vanquished

Notes
Turn   | Place    | Note
-------+----------+-------------------------------------------
     0 | D:1      | EldarEldrad the Deep Elf Fire Elementalist began the quest
                  | for the Orb.
     0 | D:1      | Reached XP level 1. HP: 10/10 MP: 6/6
   240 | D:1      | Reached XP level 2. HP: 15/15 MP: 5/8
   974 | D:1      | Reached XP level 3. HP: 19/19 MP: 7/10
  1412 | D:2      | Found a faded altar of an unknown god.
  1686 | D:2      | Noticed Natasha
  1689 | D:2      | Killed Natasha
  1768 | D:2      | Noticed Natasha
  1776 | D:2      | Slain by Natasha

Illustrated notes

Levels and vault maps discovered:
D:1:      nagdon_arrival_double_spiral, layout_basic, serial_bayou_lake_a
D:2:      layout_loops_corners, basic_ecumenical_altar, dk_vineyard_2,
          uniq_sigmund, uniq_natasha

Skill      XL: |  1  2  3 |
---------------+----------+-----
Conjurations   | 2 3 |  3.0
Dodging        | |  2.4
Stealth        | |  2.4
Spellcasting   | |  3.8
Fire Magic     | |  3.9

Action                   || total
-------------------------++-------
Melee: Unarmed           ||     2
       Dagger            ||     4
 Cast: Foxfire           ||    64
Armor: Robe              ||     1
Dodge: Dodged            ||     4
Block: Other             ||     2
       Reflection        ||     2

Table legend: (Time is in decaauts)
 A = Elapsed time spent in this place.
 B = Non-inter-level travel time spent in this place.
 C = Inter-level travel time spent in this place.
 D = Time resting spent in this place.
 E = Time spent auto-exploring this place.
 F = Levels seen in this place.
 G = Mean time per level.
                   A        B        C        D        E       F      G
               +--------+--------+--------+--------+--------+-----+--------+
         Total |   1810 |   1673 |    137 |    312 |   1117 |   2 |  905.0 |
       Dungeon |   1810 |   1673 |    137 |    312 |   1117 |   2 |  905.0 |
               +--------+--------+--------+--------+--------+-----+--------+

Top non-repeatable levels by time:
     D:1: 1378 daAuts
     D:2: 431 daAuts
